 Dungeon Crawl Stone Soup version 0.28.0-47-ge53b351184 (webtiles) character file.

Game seed: 13447298794392017268

17452 Kenran the Transmogrifier (level 12, 0/68 HPs)
             Began as a Felid Transmuter on May 2, 2022.
             Was an Initiate of Gozag.
             Constricted to death by Jorgrun (15 damage)
             ... on level 1 of the Orcish Mines.
             The game lasted 01:21:29 (21945 turns).

Kenran the Transmogrifier (Felid Transmuter)       Turns: 21945, Time: 01:21:30

Health: 0/68       AC:  9    Str:  6    XL:     12   Next: 19%
Magic:  25/25      EV: 18    Int: 17    God:    Gozag
Gold:   1895       SH:  0    Dex: 19    Spells: 12/27 levels left
                                        Lives:  0   Deaths: 3

rFire   x . .      SeeInvis +     - Unarmed
rCold   + + +      Faith    .   (shield unavailable)
rNeg    . . .      Spirit   .   (armour unavailable)
rPois   +          Reflect  .   (helmet unavailable)
rElec   .          Harm     .   (cloak unavailable)
rCorr   .          Rampage  .   (gloves unavailable)
Will    +....                   (boots unavailable)
Stlth   ++++......              p - amulet of regeneration
HPRegen 1.01/turn               a - +4 ring of slaying
MPRegen 0.19/turn               s - +4 ring of evasion

@: ice-form, grasped by roots, constricted
A: freezing attack, amphibious, boosted hp, large, (claws 1), (fangs 3), see
invisible, (speed 1), (shaggy fur 3), (stealthy paws), no weapons or thrown
items, no armour, multi-lived, (cold resistance 1)
a: End Transformation, Renounce Religion, Potion Petition, Call Merchant, Bribe
Branch


You were on level 1 of the Orcish Mines.
You worshipped Gozag.
Gozag was most pleased with you.
You were a creature of crystalline ice.
You visited 4 branches of the dungeon, and saw 19 of its levels.
You also visited: Ice Cave.

You collected 4250 gold pieces.
You spent 180 gold pieces at shops.
You paid 2175 gold pieces to Gozag.

Inventory:

Armour
 E - a +2 hat
Jewellery
 a - a +4 ring of slaying (left front paw)
 p - an amulet of regeneration (around neck)
 s - a +4 ring of evasion (right front paw)
 F - a ring of willpower
 K - a ring of magical power
Wands
 h - a wand of acid (5)
 o - a wand of flame (26)
 v - a wand of mindburst (17)
 A - a wand of paralysis (22)
 H - a wand of iceblast (5)
 J - a wand of polymorph (5)
Scrolls
 b - 4 scrolls of teleportation
 f - a scroll of fog
 g - 3 scrolls of amnesia
 l - 2 scrolls of magic mapping {unknown}
 m - 2 scrolls of blinking
 n - 2 scrolls of vulnerability {!r}
 u - 2 scrolls of immolation {!r}
 w - 3 scrolls of holy word
 x - a scroll of fear
 y - 2 scrolls of enchant weapon {unknown}
 z - a scroll of silence {unknown}
 D - a scroll of summoning
 G - a scroll of brand weapon {unknown}
Potions
 c - a potion of mutation {unknown}
 d - 6 potions of curing {@q1}
 e - 4 potions of cancellation
 i - 6 potions of flight
 j - 7 potions of might
 k - 3 potions of berserk rage {unknown}
 q - 4 potions of heal wounds {@q2}
 r - 2 potions of degeneration {unknown}
 t - 2 potions of resistance
 B - 2 potions of magic {unknown}
 C - a potion of attraction {unknown}
 I - a potion of lignification {unknown}
 L - a potion of haste


   Skills:
 - Level 9.0 Fighting
 - Level 12.0 Dodging
 - Level 8.0 Stealth
 - Level 12.0 Unarmed Combat
 - Level 8.0 Spellcasting
 * Level 13.8 Transmutations
 - Level 5.0 Ice Magic
 - Level 2.0 Poison Magic
 - Level 4.0 Evocations


You had 12 spell levels left.
You knew the following spells:

 Your Spells              Type           Power      Damage    Failure   Level
a - Beastly Appendage     Tmut           100%       N/A       1%          1
b - Spider Form           Tmut/Pois      33%        N/A       1%          3
c - Ice Form              Ice/Tmut       38%        N/A       2%          4
d - Dragon Form           Tmut           26%        N/A       30%         7

Your spell library contained the following spells:

 Spells                   Type           Power      Damage    Failure   Level
 Wereblood                Tmut           52%        N/A       1%          2
 Blade Hands              Tmut           26%        N/A       1%          5
 Sandblast                Erth           12%        2d6       11%         1
 Slow                     Hex            24%        N/A       11%         1
 Summon Small Mammal      Summ           24%        N/A       11%         1
 Poisonous Vapours        Pois/Air       20%        N/A       11%         2
 Corpse Rot               Necr/Air       12%        N/A       16%         2
 Irradiate                Conj/Tmut      15%        3d18      17%         5
 Call Canine Familiar     Summ           6%         N/A       30%         3
 Confusing Touch          Hex            6%         N/A       30%         3
 Summon Guardian Golem    Hex/Summ       6%         N/A       30%         3
 Vampiric Draining        Necr           6%         2d6       30%         3
 Hailstorm                Conj/Ice       15%        3d5       36%         4
 Leda's Liquefaction      Hex/Erth       3%         N/A       71%         4
 Simulacrum               Ice/Necr       7%         N/A       99%         6
 Lehudib's Crystal Spear  Conj/Erth      3%         10d2      100%        8
 Chain Lightning          Conj/Air       3%         3d4       100%        9
 Fire Storm               Conj/Fire      3%         8d1       100%        9
 Shatter                  Erth           3%         3d7*      100%        9
 Portal Projectile        Hex/Tloc       Unusable   N/A       N/A         3

Dungeon Overview and Level Annotations

Branches:
Dungeon (11/15)            Temple (1/1) D:7            Lair (6/6) D:8
 Shoals (0/4) Lair:3       Spider (0/4) Lair:3          Orc (1/2) D:10
  IceCv (visited)
  Slime: Lair:5-6

Altars:
Ashenzari
Cheibriados
Dithmenos
Elyvilon
Fedhas
Gozag
Hepliaklqana
Kikubaaqudgha
Makhleb
Nemelex Xobeh
Okawaru
Qazlal
Ru
Sif Muna
Trog
Uskayaw
Vehumet
Wu Jian
Xom
Yredelemnul
Zin
The Shining One
Beogh

Shops:
D:10 :   Orc:1 :!

Annotations:
D:7 cyclops, exclusions: electric eel and killer bee
D:8 exclusion: 2 downstairs
D:9 2 transporters, exclusion: downstairs, 101zpm's ghost, journeyman DjIE
D:10 exclusion: hellwing, Gastronok
Lair:1 Maggie
Lair:2 exclusion: downstairs
Lair:3 exclusion: meliai
Lair:5 exclusion: hydra
Orc:1 Jorgrun


Innate Abilities, Weirdness & Mutations

You are a creature of crystalline ice.
You have a powerful freezing melee attack.
You are amphibious.
Your maximum health is increased.
((You have sharp claws.))
((You have razor-sharp teeth.))
You have supernaturally acute eyesight. (SInv)
((You cover ground quickly. (Speed+)))
((Your thick and shaggy fur keeps you warm. (AC +3, rC+)))
((Your paws help you pounce on unaware monsters.))
You are incapable of wielding weapons or throwing items.
You cannot wear armour.
You gain extra lives every three experience levels.
((Your flesh is cold resistant. (rC+)))


Message History

Jorgrun gestures at you while chanting.
Roots burst forth from the earth!
The grasping roots grab you! The grasping roots constrict you!
That's the wrong kind of item! (Use * to select it.) Evoke which item? (* to show all) (? for menu, Esc to quit)
Okay, then.
Unknown command.
Aiming: Corrosive Bolt
Press: ? - help, Shift-Dir - straight line, f/p - Jorgrun
Aim: Jorgrun, wielding a +0 vorpal quarterstaff and wearing a +1 robe of willpower (moderately wounded, 57% to hit)
The bolt of acid hits Jorgrun!!
The acid corrodes Jorgrun!
Jorgrun is heavily wounded.
The grasping roots constrict you!
Aiming: Corrosive Bolt
Press: ? - help, Shift-Dir - straight line, f/p - Jorgrun
Aim: Jorgrun, wielding a +0 vorpal quarterstaff and wearing a +1 robe of willpower (heavily wounded, covered in acid, 57% to hit)
The bolt of acid hits Jorgrun!
Jorgrun seems to be corroded for longer.
Jorgrun is severely wounded.
The grasping roots constrict you!
You barely miss Jorgrun.
Jorgrun is severely wounded.
You punch Jorgrun! You freeze Jorgrun.
Jorgrun is severely wounded.
Jorgrun barely misses you. The grasping roots constrict you!!
* * * LOW HITPOINT WARNING * * *
You pummel Jorgrun!! You freeze Jorgrun.
Jorgrun is almost dead.
Jorgrun misses you. The grasping roots constrict you!
* * * LOW HITPOINT WARNING * * *
You feel much better. Jorgrun completely misses you.
The grasping roots constrict you!
You hit Jorgrun. You freeze Jorgrun.
Jorgrun is almost dead.
Jorgrun hits you with a +0 vorpal quarterstaff!!
* * * LOW HITPOINT WARNING * * *
x2 The grasping roots constrict you!
You die...
Your body crumbles into a pile of gold.

#.......#$#o.....$..
##.##......#........
##.#...............
#...#...............#
##..##.#.##.........#
#..................# ##
###..#............$.#
##.##.$........g........#
#..............Y$.....>.#
##.#....#........$.....##
##.##...................#
#...........#..$...$...##
##..............$.......#
##.#.#.#..#....#.......#
##............$.......#
##................$..#
###................##


You could see Jorgrun (corroded).

Vanquished Creatures
  2 boulder beetles
  A centaur warrior (D:9)
  2 hydras
  2 two-headed ogres (D:10)
  2 orc knights
  A wolf spider zombie (D:10)
  A manticore (D:9)
  2 orc sorcerers
  4 black mambas
  An ice statue (IceCv)
  5 centaur skeletons (D:10)
  2 unseen horrors
  9 cane toads
  3 rime drakes
  8 komodo dragons
  2 hellwings (D:10)
  6 trolls
  2 entropy weaver simulacra (IceCv)
  2 hornets
  A snapping turtle (Lair:3)
  7 blink frogs
  A shadow (D:10)
  5 wyverns
  A basilisk (Lair:2)
  67 yaks
  2 dire elephant simulacra (IceCv)
  Grum (D:10)
  A steam dragon (D:8)
  5 death yak simulacra (IceCv)
  A harpy simulacrum (IceCv)
  Duvessa (D:5)
  11 water moccasins
  10 orc warriors
  2 sky beasts (D:7)
  2 ice beasts
  3 black bears
  2 necrophages
  An ogre (Orc:1)
  12 wolves
  3 centaurs
  A phantom (D:6)
  3 kobold brigands
  7 bullfrogs
  5 two-headed ogre simulacra (IceCv)
  A gnoll sergeant (D:10)
  4 scorpions
  A cane toad simulacrum (IceCv)
  A wyvern skeleton (D:6)
  Dowan (D:5)
  A killer bee (Lair:3)
  A troll skeleton (D:9)
  5 spriggan skeletons (D:9)
  5 wights (D:8)
  7 centaur zombies
  A bullfrog skeleton (D:6)
  A gnoll shaman (D:7)
  2 hounds (D:4)
  11 orc priests
  9 orc wizards
  2 iguanas
  5 troll simulacra (IceCv)
  5 hell rats (Lair:2)
  A polar bear simulacrum (IceCv)
  4 spriggan simulacra (IceCv)
  2 wolf simulacra (IceCv)
  2 hound skeletons
  A howler monkey zombie (D:3)
  Robin (D:4)
  17 gnolls
  5 adders
  7 naga simulacra (IceCv)
  17 river rats (Lair:2)
  4 shadow imps (D:10)
  17 white imps
  4 ufetubi (IceCv)
  2 adder skeletons
  4 dart slugs
  45 orcs
  12 ball pythons
  4 bats
  4 endoplasms
  2 giant cockroaches
  15 goblins
  11 hobgoblins
  8 jackals
  20 kobolds
  7 quokkas
  15 rats
506 creatures vanquished.

Vanquished Creatures (others)
  28 fungi
  86 plants
  4 withered plants (D:10)
118 creatures vanquished.

Grand Total: 624 creatures vanquished

Notes
Turn   | Place    | Note
-------+----------+-------------------------------------------
     0 | D:1      | Kenran the Felid Transmuter began the quest for the Orb.
     0 | D:1      | Reached XP level 1. HP: 9/9 MP: 4/4
     0 | D:1      | Noticed a vine stalker
     0 | D:1      | Noticed a naga
     1 | D:1      | Noticed an ogre
     1 | D:1      | Noticed a spriggan
     3 | D:1      | Noticed a demonspawn
     3 | D:1      | Noticed a ghoul
     5 | D:1      | Noticed a spriggan
     7 | D:1      | Noticed a gargoyle
     8 | D:1      | Noticed a naga
    10 | D:1      | Noticed a barachi
    12 | D:1      | Noticed a ghoul
    12 | D:1      | Noticed an elf
    13 | D:1      | Noticed a gargoyle
    14 | D:1      | Noticed a vampire
    14 | D:1      | Noticed a barachi
    16 | D:1      | Noticed a minotaur
    16 | D:1      | Noticed a draconian
    16 | D:1      | Noticed a minotaur
    18 | D:1      | Noticed a naga
    20 | D:1      | Noticed a demonspawn
   152 | D:1      | Found a faded altar of an unknown god.
   242 | D:1      | Reached XP level 2. HP: 10/12 MP: 3/6
   254 | D:1      | Reached skill level 1 in Stealth
  1180 | D:2      | Reached XP level 3. HP: 15/15 MP: 7/7
  1188 | D:2      | Learned a level 3 spell: Spider Form
  2005 | D:3      | Found a shimmering altar of Xom.
  2005 | D:3      | Found an ancient bone altar of Kikubaaqudgha.
  2761 | D:3      | Reached XP level 4. HP: 17/19 MP: 6/8
  2920 | D:3      | Noticed a scorpion
  3117 | D:3      | Reached skill level 3 in Transmutations
  3365 | D:3      | Reached skill level 1 in Poison Magic
  3819 | D:4      | Reached XP level 5. HP: 19/22 MP: 7/9
  4023 | D:4      | Noticed Robin
  4053 | D:4      | Killed Robin
  4959 | D:4      | Gained mutation: You are covered in thick fur. (AC +2)
                  | [Felid growth]
  4959 | D:4      | Reached XP level 6. HP: 27/27 MP: 8/10
  4987 | D:4      | Found a sacrificial altar of Ru.
  5152 | D:4      | Found a burning altar of Makhleb.
  5152 | D:4      | Noticed a cacodemon
  5212 | D:5      | Entered Level 5 of the Dungeon
  5212 | D:5      | Noticed Dowan
  5213 | D:5      | Noticed Duvessa
  5893 | D:5      | Reached skill level 4 in Transmutations
  6200 | D:5      | Reached skill level 5 in Unarmed Combat
  6457 | D:3      | Reached XP level 7. HP: 31/31 MP: 8/12
  7475 | D:5      | Learned a level 4 spell: Ice Form
  7848 | D:6      | Noticed a cyclops
  8152 | D:6      | Reached skill level 5 in Transmutations
  8403 | D:6      | Found a hazy altar of Hepliaklqana.
  8414 | D:6      | Found a glowing silver altar of Zin.
  8660 | D:6      | Reached skill level 1 in Evocations
  8710 | D:6      | Reached skill level 1 in Ice Magic
  8710 | D:6      | Reached XP level 8. HP: 31/34 MP: 10/13
  8793 | D:7      | Noticed a rust devil
  8919 | D:7      | Found a staircase to the Ecumenical Temple.
  8949 | D:7      | Reached skill level 5 in Dodging
  9061 | Temple   | Entered the Ecumenical Temple
  9111 | Temple   | Became a worshipper of Gozag Ym Sagoz the Greedy
  9429 | D:7      | Noticed an angel
  9941 | D:8      | Found a staircase to the Lair.
  9942 | D:8      | Noticed a komodo dragon
 10178 | D:8      | Reached skill level 6 in Transmutations
 10269 | D:8      | Reached XP level 9. HP: 32/39 MP: 12/16
 10274 | D:8      | Found a stormy altar of Qazlal.
 10274 | D:8      | Found a blossoming altar of Fedhas.
 10602 | D:9      | Noticed a manticore
 10602 | D:9      | Found a transporter.
 10631 | D:9      | Noticed a troll
 10697 | D:9      | Found a white marble altar of Elyvilon.
 10697 | D:9      | Found a broken altar of Ashenzari.
 10878 | D:9      | Found a sparkling altar of Nemelex Xobeh.
 11025 | D:9      | Noticed a centaur warrior
 11025 | D:9      | Noticed a boulder beetle
 11375 | D:5      | Killed Duvessa
 11396 | D:5      | Killed Dowan
 11938 | D:8      | Reached skill level 5 in Fighting
 11950 | D:9      | Slain by a troll
 11951 | D:9      | Reached XP level 8. HP: -2/37 MP: 13/15
 12014 | D:8      | Killed a troll
 12015 | D:8      | Reached skill level 7 in Transmutations
 12053 | D:9      | Found a transporter.
 12088 | D:10     | Entered Level 10 of the Dungeon
 12191 | D:10     | Reached skill level 5 in Stealth
 12191 | D:10     | Reached XP level 9. HP: 27/40 MP: 12/16
 12388 | D:10     | Reached skill level 5 in Spellcasting
 12420 | D:10     | Noticed a hellwing
 12478 | D:10     | Noticed Gastronok
 12497 | D:10     | Reached XP level 10. HP: 25/45 MP: 15/18
 12551 | D:10     | Reached skill level 5 in Ice Magic
 13115 | Lair:1   | Entered Level 1 of the Lair of Beasts
 13201 | Lair:1   | Noticed Maggie
 13215 | Lair:1   | Found a stormy altar of Qazlal.
 13250 | Lair:1   | Reached XP level 11. HP: 50/50 MP: 21/21
 13337 | Lair:1   | Reached skill level 8 in Transmutations
 13448 | Lair:1   | Reached skill level 10 in Unarmed Combat
 13546 | Lair:1   | Reached skill level 9 in Transmutations
 14327 | Lair:2   | Identified the +2 robe "Saxti" {-Tele Str+5}
 14555 | Lair:2   | Reached skill level 10 in Dodging
 14895 | Lair:2   | Gained mutation: Your thick and shaggy fur keeps you warm.
                  | (AC +3, rC+) [Felid growth]
 14895 | Lair:2   | Reached XP level 12. HP: 55/55 MP: 21/23
 15060 | Lair:2   | Noticed an eight-headed hydra
 15521 | Lair:3   | Found a hole to the Spider Nest.
 15550 | Lair:3   | Found a staircase to the Shoals.
 15630 | Lair:2   | Learned a level 7 spell: Dragon Form
 16132 | Lair:3   | Noticed a five-headed hydra
 16149 | Lair:3   | Noticed a seven-headed hydra
 16224 | Lair:3   | Reached skill level 10 in Transmutations
 16816 | Lair:4   | Noticed a four-headed hydra
 16834 | Lair:4   | Killed a four-headed hydra
 17265 | Lair:5   | Noticed a five-headed hydra
 17361 | Lair:5   | Noticed a boulder beetle
 17385 | Lair:5   | Killed a boulder beetle
 17628 | Lair:5   | Found a frozen archway.
 17670 | IceCv    | Entered an ice cave
 17901 | IceCv    | Reached skill level 11 in Transmutations
 17920 | IceCv    | Reached XP level 13. HP: 25/60 MP: 22/24
 18019 | IceCv    | Identified the +2 robe of the True Pharaoh {rPois Str+3}
 18377 | IceCv    | Noticed a reaper
 18714 | IceCv    | Got the Almanac of Clay and Hexes
 19348 | Lair:6   | Entered Level 6 of the Lair of Beasts
 19353 | Lair:6   | Slain by a snapping turtle
 19354 | Lair:6   | Reached XP level 12. HP: -2/68 MP: 23/23
 19458 | Lair:6   | Noticed a death yak
 19458 | Lair:6   | Noticed a death yak
 19459 | Lair:6   | Noticed a death yak
 19484 | Lair:6   | Noticed a six-headed hydra
 19585 | Lair:3   | Killed a seven-headed hydra
 19855 | D:9      | Reached skill level 12 in Transmutations
 19916 | D:9      | Found a snail-covered altar of Cheibriados.
 20074 | D:9      | Killed a centaur warrior
 20091 | D:9      | Killed a boulder beetle
 20156 | D:9      | Noticed 101zpm's ghost (journeyman DjIE)
 20435 | D:11     | Noticed a two-headed ogre
 20525 | D:11     | Noticed a two-headed ogre
 20604 | D:10     | Killed a two-headed ogre
 20720 | D:10     | Noticed a two-headed ogre
 20727 | D:10     | Killed a two-headed ogre
 20830 | D:10     | Noticed Grum
 20847 | D:10     | Killed Grum
 20851 | D:10     | Reached skill level 13 in Transmutations
 20966 | D:10     | Killed from afar by Gastronok
 20967 | D:10     | Reached XP level 11. HP: -4/63 MP: 23/23
 21184 | D:10     | Found a staircase to the Orcish Mines.
 21341 | Orc:1    | Entered Level 1 of the Orcish Mines
 21352 | Orc:1    | Found Wageuj's Distillery.
 21397 | Orc:1    | Bought a potion of heal wounds for 60 gold pieces
 21397 | Orc:1    | Bought a potion of haste for 120 gold pieces
 21488 | Orc:1    | Noticed an orc knight
 21604 | D:10     | Killed an orc knight
 21605 | D:10     | Reached XP level 12. HP: 57/57 MP: 24/24
 21681 | Orc:1    | Noticed Jorgrun
 21781 | Orc:1    | Gained mutation: Your flesh is cold resistant. (rC+) [a
                  | neqoxec]
 21838 | Orc:1    | Paralysed by an orc sorcerer for 6 turns
 21945 | Orc:1    | Constricted to death by Jorgrun

Illustrated notes

Levels and vault maps discovered:
D:1:      shiori_arrival_whats_in_store_for_you, layout_loops_ring,
          shapermc_ecumenical_altar_pompeii, kennysheep_crisscross
D:2:      layout_basic
D:3:      layout_loops_corners, mainiacjoe_overflow_divided_tiny, minivault_14,
          minmay_puff
D:4:      layout_cave_pods, nicolae_ru_path_of_blood, makhleb_altar_promises_db,
          uniq_robin
D:5:      layout_loops_cross, uniq_duvessa
D:6:      layout_layer_cave, mainiacjoe_overflow_catwalk_spiral,
          chequers_serial_rivers_micro_d
D:7:      layout_loops_corners, temple_garden, serial_bayou_lagoon_b
D:8:      layout_basic, grunt_temple_overflow_forces_of_nature,
          david_lair_shrubbed
D:9:      layout_long_grid, kennysheep_slug_shrine, nemelex_spade_bored_becter,
          gammafunk_temple_overflow_elements, nzn_ghost_randoct, minivault_20,
          hangedman_tell_no_tales
D:10:     cheibrodos_grave_circle, layout_loops_ring,
          minmay_orc_entry_temple_small, hellmonk_guarded_unrand_cigotuvi,
          uniq_gastronok, uniq_grum
D:11:     layout_layer_cave
Temple:   eino_wide_crystal_templ
Lair:1:   layout_misc_corridors, basic_altar, hangedman_tree_tricks, uniq_maggie
Lair:2:   lemuel_ratsnest, layout_cave_pods, ldierk_geyser
Lair:3:   nzn_winding_woodlands_small [nzn_winding_woodlands_5x15_crooked,
          nzn_winding_woodlands_center_garden,
          nzn_winding_woodlands_5x15_pockets], layout_cave_shapes,
          minmay_shoals_entry_hut, hellmonk_spider_entry_not_the_bees,
          st_stairs_13, serial_bayou_shore_a
Lair:4:   layout_regular_city, infiniplex_staircase_pool
Lair:5:   layout_cave_pods, portal_ice_cave_entry_imps, st_stairs_7,
          patterned_corridor, grunt_megastairs_1, infiniplex_staircase_pool_2
Lair:6:   gammafunk_lair_ancient_temple, layout_loops_ring,
          dpeg_slime_entry_corner
Orc:1:    layout_caves, serial_shops, nicolae_shop_advertising_works
          [nicolae_subvault_shop_adworks], uniq_jorgrun

Skill      XL: |  1  2  3  4  5  6  7  8  9 10 11 12 |
---------------+-------------------------------------+-----
Stealth        | 1 2 3 5 6 7 8 |  8.0
Dodging        | 3 4 5 7 8 10 12 | 12.0
Fighting       | 2 3 4 5 7 8 9 |  9.0
Unarmed Combat | 4 5 6 8 9 10 12 | 12.0
Transmutations | 3 4 5 7 9 13 | 13.8
Poison Magic   | 1 2 |  2.0
Spellcasting   | 3 4 5 6 8 |  8.0
Evocations     | 1 2 4 |  4.0
Ice Magic      | 1 3 4 5 |  5.0

Action                   |  1- 3 |  4- 6 |  7- 9 | 10-12 | 13-15 || total
-------------------------+-------+-------+-------+-------+-------++-------
Melee: Unarmed           |    80 |   106 |   298 |   954 |    89 ||  1527
       Headbutt          |     6 |    14 |     2 |       |       ||    22
       Bite              |     3 |    12 |     1 |     5 |       ||    21
       Punch             |     1 |     1 |     2 |     3 |       ||     7
 Cast: Beastly Appendage |    20 |    24 |     6 |       |       ||    50
       Spider Form       |       |     6 |    42 |     7 |       ||    55
       Ice Form          |       |       |     2 |    66 |    13 ||    81
Invok: Potion Petition   |       |       |     1 |     1 |       ||     2
       Call Merchant     |       |       |       |     2 |       ||     2
 Abil: End Transformatio |       |       |       |       |     1 ||     1
Evoke: Wand              |       |       |       |    26 |     1 ||    27
  Use: Scroll            |       |     1 |     6 |     9 |     1 ||    17
       Potion            |       |       |     1 |     4 |       ||     5
 Stab: Sleeping          |    10 |     4 |     6 |    14 |     1 ||    35
       Distracted        |       |       |     2 |    13 |     2 ||    17
       Paralysed         |       |       |       |     4 |       ||     4
Armor: Skin              |     4 |     9 |    29 |   132 |    16 ||   190
Dodge: Dodged            |    44 |    69 |   333 |   606 |    70 ||  1122
